 Dungeon Crawl Stone Soup version 0.17.0-1-g61d176b (webtiles) character file.

245 Ijustatesigmund the Digger (level 6, -4/34 HPs)
             Began as a Gargoyle Earth Elementalist on Nov 7, 2015.
             Slain by Duvessa
             ... wielding a cursed -1 short sword
              (6 damage)
             ... on level 4 of the Dungeon.
             The game lasted 00:10:24 (2520 turns).

Ijustatesigmund the Digger (GrEE)                   Turns: 2520, Time: 00:10:24

Health: -4/34      AC:  7    Str: 11    XL:     6   Next: 10%
Magic:  3/9        EV: 12    Int: 17    God:
Gold:   137        SH:  0    Dex: 11    Spells: 3 memorised, 3 levels left

rFire  . . .     SeeInvis .     A - +1 flail (holy)
rCold  . . .     Clarity  .     b - +1 robe
rNeg   + . .     SustAt   .     (no shield)
rPois  ∞         Gourm    .     (no helmet)
rElec  +         Spirit   .     (no cloak)
rCorr  .         Warding  .     (no gloves)
rMut   .         Stasis   .     (no boots)
MR     .....                    (no amulet)
Stlth  ++........               (no ring)
                                t - ring of flight

@: very slightly contaminated, invisible, not resistant to hostile enchantments,
unstealthy
A: negative energy resistance 1, electricity resistance, unbreathing,
petrification resistance, rot immunity, AC +4
a: Evoke Flight


You were on level 4 of the Dungeon.
You were hungry.

You visited 1 branch of the dungeon, and saw 4 of its levels.

You collected 137 gold pieces.

Inventory:

Hand Weapons
 A - a +1 flail of holy wrath (weapon)
Missiles
 a - 91 stones (quivered)
 y - 8 javelins
Armour
 b - a +1 robe (worn)
Jewellery
 p - an uncursed ring of teleportation
 t - a ring of flight (left hand)
 x - a cursed amulet of inaccuracy {unknown}
Scrolls
 f - 4 scrolls of remove curse
 g - a scroll of enchant armour
 n - a scroll of fog
 q - a scroll of blinking {unknown}
 r - a scroll of identify
 u - a scroll of immolation {unknown}
 z - a scroll of recharging
Potions
 e - a potion of lignification {unknown}
 i - a potion of agility {unknown}
 l - a potion of ambrosia
 s - a potion of brilliance {unknown}
 w - a potion of cancellation {unknown}
Books
 c - a book of Geomancy

   Spells                             Type                      Level
   a - Sandblast                      Earth                        1
   b - Stoneskin                      Transmutation/Earth          2
   c - Passwall                       Transmutation/Earth          3
   d - Stone Arrow                    Conjuration/Earth            3
   e - Petrify                        Transmutation/Earth          4
   f - Lee's Rapid Deconstruction     Earth                        5
Comestibles
 d - a bread ration
 k - 2 meat rations
 m - 2 slices of pizza
 v - 3 fruits


   Skills:
 - Level 1.0 Fighting
 + Level 2.4 Maces & Flails
 - Level 1.5 Dodging
 - Level 2.1 Stealth
 - Level 2.0 Spellcasting
 + Level 1.8 Conjurations
 - Level 2.7 Transmutations
 + Level 5.2 Earth Magic


You had 3 spell levels left.
You knew the following spells:

 Your Spells              Type           Power        Failure   Level  Hunger
a - Sandblast             Erth           ###...       2%          1    #......
b - Stoneskin             Trmt/Erth      ###.....     10%         2    ###....
c - Stone Arrow           Conj/Erth      ##....       14%         3    ###....


Dungeon Overview and Level Annotations

Branches:
Dungeon (4/15)
 Temple: D:4-7

Altars:

Annotations:
D:3 Grinder
D:4 Duvessa


Innate Abilities, Weirdness & Mutations

You are resistant to torment.
Your stone body is resilient (AC +4).
You are immune to poison.
You resist negative energy.
You are resistant to electric shocks.
You can survive without breathing.
You are immune to petrification.
You are immune to rotting.


Message History

Duvessa hits you with an enchanted short sword.
* * * LOW HITPOINT WARNING * * *
Casting: Sandblast
Confirm with . or Enter, or press ? or * to list all spells.
Aiming: Sandblast
Press: ? - help, Shift-Dir - straight line, f/p - Duvessa
Aim: Duvessa, wielding an enchanted short sword (moderately wounded, berserk, fast, unusually strong)
The blast of sand hits Duvessa.
Duvessa is heavily wounded.
Duvessa hits you with an enchanted short sword.
* * * LOW HITPOINT WARNING * * *
Casting: Sandblast
Confirm with . or Enter, or press ? or * to list all spells.
Aiming: Sandblast
Press: ? - help, Shift-Dir - straight line, f/p - Duvessa
Aim: Duvessa, wielding an enchanted short sword (heavily wounded, berserk, fast, unusually strong)
The blast of sand hits Duvessa.
Duvessa is severely wounded.
Duvessa hits you with an enchanted short sword.
You die...

... ..# #.. ...
#.. #.#
..###..####.#
..$.....e...##
.#########...##
##.....##
##.e.....##
#..@......#
+.........+
#.........#
##.......##
##.....##
##...## ##)##
#.# ####.####


You could see Duvessa (berserk).

Vanquished Creatures
  A centaur (D:3)
  Dowan (D:4)
  An orc wizard (D:4)
  A worker ant (D:4)
  An adder (D:2)
  An ooze (D:1)
  A worm (D:2)
  5 giant geckos
  5 orcs (D:4)
  2 ball pythons (D:2)
  7 hobgoblins
  5 jackals
  8 kobolds
  4 bats
  3 giant cockroaches
  4 goblins
  7 rats
57 creatures vanquished.

Notes
Turn   | Place    | Note
--------------------------------------------------------------
     0 | D:1      | Ijustatesigmund the Gargoyle Earth Elementalist began the quest for the Orb.
     0 | D:1      | Reached XP level 1. HP: 10/10 MP: 3/3
    37 | D:1      | Reached skill level 1 in Fighting
   262 | D:1      | Reached skill level 1 in Maces & Flails
   262 | D:1      | Reached XP level 2. HP: 16/16 MP: 5/5
   267 | D:1      | Learned a level 2 spell: Stoneskin
   857 | D:2      | Reached skill level 1 in Transmutations
  1039 | D:2      | Reached XP level 3. HP: 20/20 MP: 2/6
  1605 | D:3      | Reached XP level 4. HP: 25/25 MP: 2/7
  1626 | D:3      | Noticed a centaur
  1638 | D:3      | Killed a centaur
  1638 | D:3      | Reached skill level 4 in Earth Magic
  1638 | D:3      | Reached XP level 5. HP: 18/29 MP: 1/8
  1986 | D:3      | Noticed Grinder
  2072 | D:4      | Learned a level 3 spell: Stone Arrow
  2229 | D:4      | Reached skill level 1 in Conjurations
  2229 | D:4      | Reached skill level 5 in Earth Magic
  2481 | D:4      | Noticed Duvessa
  2481 | D:4      | Noticed Dowan
  2504 | D:4      | Killed Dowan
  2504 | D:4      | Reached XP level 6. HP: 29/34 MP: 9/9
  2520 | D:4      | Slain by Duvessa

Action                   |  1- 3 |  4- 6 || total
-------------------------+-------+-------++-------
Melee: Unarmed           |    38 |       ||    38
       Club              |     6 |       ||     6
       Short sword       |    19 |    28 ||    47
       Flail             |       |    31 ||    31
Throw: Stone             |     2 |     3 ||     5
 Cast: Sandblast         |    61 |    41 ||   102
       Stoneskin         |     1 |     2 ||     3
  Use: Scroll            |     4 |     2 ||     6
       Potion            |       |     5 ||     5
 Stab: Sleeping          |     3 |       ||     3
       Distracted        |     1 |       ||     1
  Eat: Chunk             |     3 |     2 ||     5
       Fruit             |       |     2 ||     2
